 Dungeon Crawl Stone Soup version 0.25.1-2-g60ff931df9 (webtiles) character file.

Game seed: 16501275519477294494

14974 JustSomeDude the Slicer (level 11, -2/77 HPs)
             Began as a Demonspawn Gladiator on Sept 3, 2020.
             Was a High Priest of Dithmenos.
             Slain by a minotaur
             ... wielding a +0 war axe
              (21 damage)
             ... in a Gauntlet on Sept 4, 2020.
             The game lasted 00:52:17 (11453 turns).

JustSomeDude the Slicer (Demonspawn Gladiator)     Turns: 11453, Time: 00:52:17

Health: -2/77      AC:  9    Str: 22      XL:     11   Next: 95%
Magic:  13/13      EV: 17    Int: 14 (15) God:    Dithmenos [*****.]
Gold:   892        SH:  0    Dex: 16 (17) Spells: 10/10 levels left

rFire    . . .     SeeInvis .   y - +1 short sword (speed)
rCold    + . .     Gourm    .   (no shield)
rNeg     . . .     Faith    .   C - +0 troll leather armour
rPois    .         Spirit   .   c - +0 helmet
rElec    .         Reflect  .   o - +0 cloak
rCorr    .         Harm     .   (no gloves)
MR       .....     NoTele   +   (boots unavailable)
Stlth    ++++......             l - amulet of Rorr {RegenMP +Inv rC+}
HPRegen  0.62/turn              p - +6 ring of strength
MPRegen  0.38/turn              F - +6 ring of intelligence

@: very slightly contaminated, wreathed by umbra
A: hooves 3, molten scales 1, deterioration 1, frail 1, powered by death 1,
evolution 1
a: Shadow Step, Shadow Form, Renounce Religion, Evoke Invisibility


You were in a Gauntlet.
You worshipped Dithmenos.
Dithmenos was extremely pleased with you.
You were not hungry.

You visited 3 branches of the dungeon, and saw 16 of its levels.
You also visited: Gauntlet.

You collected 892 gold pieces.

Inventory:

Hand Weapons
 g - a +2 short sword of protection
 y - a +1 short sword of speed (weapon)
Missiles
 a - 6 atropa-tipped darts
 d - 4 throwing nets (quivered)
Armour
 b - a +0 leather armour
 c - a +0 helmet (worn)
 e - a +0 leather armour
 o - a +0 cloak (worn)
 z - a +2 pair of gloves of dexterity
 C - a +0 troll leather armour (worn)
 G - the +0 scale mail of Xom's Inspiration {rCorr Dex+4}
   (You found it on level 3 of the Lair of Beasts)

   It affects your dexterity (+4).
   It provides partial protection from all sources of acid and corrosion.
 H - a scarf of repulsion
Jewellery
 l - the amulet of Rorr (around neck) {RegenMP +Inv rC+}
   (You took it off a gnoll on level 7 of the Dungeon)

   [amulet of magic regeneration]

   It increases your magic regeneration.
   It protects you from cold.
   It lets you turn invisible.
 p - a +6 ring of strength (left hand)
 F - a +6 ring of intelligence (right hand)
Wands
 i - a wand of polymorph (10)
 v - a wand of flame (8)
 D - a wand of iceblast (5)
 E - a wand of clouds (7)
 I - a wand of acid (2)
Scrolls
 h - 9 scrolls of identify
 j - 5 scrolls of magic mapping
 m - a scroll of enchant weapon
 n - 3 scrolls of teleportation
 r - a scroll of amnesia
 s - 5 scrolls of remove curse
 u - a scroll of fog {unknown}
 w - 3 scrolls of immolation
 x - a scroll of torment {unknown}
Potions
 q - a potion of brilliance
 t - a potion of degeneration
 A - a potion of magic
Comestibles
 f - 15 rations


   Skills:
 + Level 8.1 Fighting
 + Level 11.2 Short Blades
   Level 4.3 Axes
 + Level 2.0 Throwing
 + Level 4.6 Armour
 + Level 8.2 Dodging
 + Level 6.1 Stealth
 + Level 3.8 Evocations


You had 10 spell levels left.
You didn't know any spells.
Your spell library contained the following spells:

 Spells                   Type           Power        Failure   Level  Hunger
 Animate Skeleton         Necr           N/A          32%         1    ##.....
 Magic Dart               Conj           #...         32%         1    ##.....
 Pain                     Necr           #...         32%         1    ##.....
 Sting                    Tmut/Pois      #...         32%         1    ##.....
 Corpse Rot               Necr/Air       N/A          45%         2    ###....
 Poisonous Vapours        Pois/Air       #.....       45%         2    ###....
 Searing Ray              Conj           #.....       45%         2    ###....
 Sublimation of Blood     Necr           #.........   45%         2    ###....
 Dazzling Flash           Conj/Hex       #.....       69%         3    ####...
 Ignite Poison            Fire/Tmut/Pois #.......     69%         3    ####...
 Mephitic Cloud           Conj/Pois/Air  #.......     69%         3    ####...
 Vampiric Draining        Necr           #.........   69%         3    ####...
 Animate Dead             Necr           N/A          97%         4    #####..
 Dispel Undead            Necr           #.......     97%         4    #####..
 Fulminant Prism          Conj/Hex       #.........   97%         4    #####..
 Iskenderun's Mystic Bla  Conj/Tloc      #.......     97%         4    #####..
 Olgreb's Toxic Radiance  Pois           #.......     97%         4    #####..
 Agony                    Necr           #.......     100%        5    ######.
 Excruciating Wounds      Chrm/Necr      #.........   100%        5    ######.


Dungeon Overview and Level Annotations

Branches:
Dungeon (11/15)            Temple (0/1) D:4            Lair (4/6) D:10
 Shoals (1/4) Lair:3      Gauntlet (1/1)
  Snake: Lair:2-4    Spider: Lair:2-4       Orc: D:9-12

Altars:
Dithmenos
Elyvilon
Gozag
Hepliaklqana
Nemelex Xobeh
Qazlal
Sif Muna
Trog
Vehumet
Yredelemnul
Beogh

Shops:
D:6 [   D:10 *

Annotations:
D:4 Sigmund
D:7 2 transporters
Lair:4 exclusion: oklob plant Gauntlet 8 transporters


Innate Abilities, Weirdness & Mutations

You have hooves in place of feet.
You are partially covered in molten scales. (AC +2)
You regenerate a little health from kills.
Your body sometimes deteriorates upon taking damage.
You are frail. (-10% HP)
You evolve.


Message History

It was a scroll of blinking.
The cacodemon is no longer covered in acid.
Okay, then.
You don't know any spells.
Okay, then.
Keep disrobing?
You stop removing your armour.
Blink to where?
Press: ? - help, Dir - move target cursor
As you read the scroll of blinking, it crumbles to dust.
You feel yourself speed up.
You open the door.
A minotaur comes into view.
It is wielding a +0 war axe and wearing a +3 scale mail of cold resistance.
The minotaur moves out of view.
Found a plate armour.
Found a gate leading back out of this place.
There is an open door here.
A minotaur zombie comes into view.
The minotaur hits you with a +0 war axe!!
You die...

#≈...### ## ##
##...... #..
#.####.8... # #.#
##..##§..... #Z
#.#......##...## ##'##
#.#.##....#...#. #.⌠..
#... #.©8.#...#.
#...∩##.#.##....#...#.
+⌠..H@'.#....©8.#.8.#©
#..⌠.##2#.##....#...#.
###+# #...##.©8.#...#!
#.#.##....#...#.
#.#....2.##...## #.#
##.§##§..... #..
#.####.8... ###
#####§..... #§§..###


You could see a cacodemon (inner flame), a minotaur and a minotaur zombie.

Vanquished Creatures
  A two-headed ogre (D:9)
  A centaur skeleton (D:10)
  4 spiny frogs
  3 komodo dragons
  A troll (D:9)
  6 hippogriffs
  4 blink frogs
  10 flying skulls (Gauntlet)
  A human (D:7)
  4 hogs (D:7)
  9 yaks (D:9)
  A hungry ghost (D:8)
  3 water moccasins
  3 porcupines
  2 black bears (D:10)
  3 orc warriors
  An eye of draining (D:9)
  4 sky beasts
  A phantom (D:9)
  3 ice beasts
  A necrophage (D:9)
  6 ogres
  A wolf (D:7)
  4 centaurs
  5 crocodiles
  8 bullfrogs
  2 gnoll sergeants (D:7)
  2 big kobolds
  A wyvern zombie (D:6)
  3 scorpions
  12 wights
  8 killer bees
  4 crimson imps
  A quasit (D:8)
  5 hounds
  3 jellies
  4 orc priests
  A centaur zombie (D:9)
  2 gnoll shamans (D:7)
  4 orc wizards
  4 bullfrog skeletons
  Ijyb (D:4)
  3 iguanas
  6 worker ants
  2 hound zombies (D:6)
  A hound skeleton (D:6)
  6 adders
  12 gnolls
  A river rat (D:4)
  2 shadow imps (D:6)
  4 oozes
  An adder zombie (D:9)
  2 worms
  4 dart slugs
  4 leopard geckos
  29 orcs
  7 bats
  5 giant cockroaches
  2 goblins (D:2)
  9 hobgoblins
  6 jackals (D:7)
  14 kobolds
  9 quokkas
  A ball python (D:10)
  2 frilled lizards (D:2)
  A leopard gecko skeleton (D:5)
  7 rats
  A spectral orc (D:5)
  A butterfly (Lair:2)
289 creatures vanquished.

Vanquished Creatures (others)
  2 plants
2 creatures vanquished.

Grand Total: 291 creatures vanquished

Notes
Turn   | Place    | Note
-------+----------+-------------------------------------------
     0 | D:1      | JustSomeDude the Demonspawn Gladiator began the quest for
                  | the Orb.
     0 | D:1      | Reached XP level 1. HP: 16/16 MP: 1/1
    87 | D:1      | Gained mutation: You have large cloven feet. [demonic
                  | ancestry]
    87 | D:1      | Reached XP level 2. HP: 21/22 MP: 2/2
   499 | D:1      | Reached XP level 3. HP: 25/27 MP: 3/3
   985 | D:2      | Found a bloodstained altar of Trog.
  1449 | D:2      | Found a shadowy altar of Dithmenos.
  1566 | D:2      | Became a worshipper of Dithmenos the Shadowed
  1870 | D:3      | Gained mutation: You have hoof-like feet. [demonic
                  | ancestry]
  1870 | D:3      | Reached XP level 4. HP: 33/33 MP: 4/4
  1904 | D:3      | Noticed Ijyb
  1939 | D:4      | Killed Ijyb
  1979 | D:4      | Found a white marble altar of Elyvilon.
  2031 | D:4      | Reached skill level 1 in Armour
  2087 | D:4      | Found a shimmering blue altar of Sif Muna.
  2126 | D:4      | Gained mutation: You are partially covered in molten
                  | scales. (AC +2) [demonic ancestry]
  2126 | D:4      | Reached XP level 5. HP: 25/39 MP: 5/5
  2283 | D:4      | Reached skill level 1 in Short Blades
  2303 | D:4      | Found a staircase to the Ecumenical Temple.
  2544 | D:4      | Reached skill level 1 in Stealth
  2627 | D:4      | Noticed Sigmund
  2673 | D:5      | Entered Level 5 of the Dungeon
  2685 | D:5      | Reached XP level 6. HP: 43/46 MP: 6/6
  2800 | D:5      | Reached skill level 2 in Short Blades
  2926 | D:5      | Reached * piety under Dithmenos
  2991 | D:5      | Found a hazy altar of Hepliaklqana.
  2993 | D:5      | Found a radiant altar of Vehumet.
  3020 | D:5      | Got a steaming ring mail
  3021 | D:5      | Identified the cursed +0 ring mail the Weak Sunfish {Harm
                  | rF+ rC+ Int-5} (You found it on level 5 of the Dungeon)
  3098 | D:5      | Reached skill level 3 in Short Blades
  3198 | D:5      | Found an opulent altar of Gozag.
  3263 | D:5      | Found a basalt altar of Yredelemnul.
  3494 | D:6      | Noticed an orc warrior
  3499 | D:6      | Reached XP level 7. HP: 51/51 MP: 7/7
  3748 | D:6      | Reached skill level 4 in Short Blades
  4269 | D:6      | Reached skill level 5 in Short Blades
  4269 | D:6      | Reached XP level 8. HP: 60/60 MP: 8/8
  4637 | D:6      | Found Pitury's Armour Shop.
  4647 | D:6      | Found a stormy altar of Qazlal.
  5069 | D:7      | Found a transporter.
  5069 | D:7      | Noticed a hippogriff
  5138 | D:7      | Found a transporter.
  5141 | D:7      | Reached skill level 6 in Short Blades
  5150 | D:7      | Noticed a hippogriff
  5234 | D:6      | Reached ** piety under Dithmenos
  5309 | D:7      | Killed a hippogriff
  5559 | D:7      | Reached skill level 5 in Dodging
  5559 | D:7      | Gained mutation: You regenerate a little health from kills.
                  | [demonic ancestry]
  5559 | D:7      | Reached XP level 9. HP: 60/67 MP: 9/9
  5621 | D:7      | Reached skill level 7 in Short Blades
  5731 | D:7      | Identified the amulet of Rorr {RegenMP +Inv rC+}
  5736 | D:7      | Reached skill level 5 in Fighting
  6418 | D:7      | Reached skill level 8 in Short Blades
  6788 | D:7      | Gained mutation: You have hooves in place of feet. [demonic
                  | ancestry]
  6788 | D:7      | Reached XP level 10. HP: 74/76 MP: 10/10
  6960 | D:8      | Found a sparkling altar of Nemelex Xobeh.
  7012 | D:8      | Reached *** piety under Dithmenos
  7439 | D:8      | Reached skill level 9 in Short Blades
  8115 | D:9      | Reached skill level 1 in Evocations
  8533 | D:9      | Noticed a two-headed ogre
  8547 | D:9      | Killed a two-headed ogre
  8636 | D:9      | Reached **** piety under Dithmenos
  8659 | D:9      | Reached XP level 11. HP: 10/84 MP: 13/13
  8968 | D:9      | Found a roughly hewn altar of Beogh.
  9143 | D:9      | Reached skill level 10 in Short Blades
  9351 | D:10     | Entered Level 10 of the Dungeon
  9465 | D:10     | Found Mocach's Serpentskin Sales.
  9592 | D:10     | Found a staircase to the Lair.
  9609 | Lair:1   | Entered Level 1 of the Lair of Beasts
 10211 | Lair:1   | Reached skill level 5 in Stealth
 10604 | Lair:3   | Got a masterwork scale mail
 10696 | Lair:3   | Reached ***** piety under Dithmenos
 10719 | Lair:3   | Found a staircase to the Shoals.
 10756 | Shoals:1 | Entered Level 1 of the Shoals
 10892 | Lair:4   | Noticed an oklob plant
 10964 | Lair:4   | Found a gate leading to a gauntlet.
 10973 | Gauntlet | Entered a Gauntlet
 10973 | Gauntlet | Found a transporter.
 10976 | Gauntlet | Found a transporter.
 10981 | Gauntlet | Found a transporter.
 10985 | Gauntlet | Found a transporter.
 10991 | Gauntlet | Noticed an entropy weaver
 10997 | Gauntlet | Found a transporter.
 10999 | Gauntlet | Found a transporter.
 10999 | Gauntlet | Noticed a cacodemon
 11002 | Gauntlet | Found a transporter.
 11073 | Gauntlet | Found a transporter.
 11074 | Gauntlet | Noticed a death yak
 11074 | Gauntlet | Noticed a death yak
 11075 | Gauntlet | Noticed a death yak
 11075 | Gauntlet | Noticed a death yak
 11076 | Gauntlet | Noticed a death yak
 11090 | Gauntlet | Found a transporter.
 11093 | Gauntlet | Found a transporter.
 11113 | Gauntlet | Found a transporter.
 11140 | Gauntlet | Found a transporter.
 11272 | Gauntlet | Reached skill level 11 in Short Blades
 11341 | Gauntlet | Identified the +0 scale mail of Xom's Inspiration {rCorr
                  | Dex+4} (You found it on level 3 of the Lair of Beasts)
 11412 | Gauntlet | Gained mutation: You evolve. [a cacodemon]
 11429 | Gauntlet | Gained mutation: Your body sometimes deteriorates upon
                  | taking damage. [a cacodemon]
 11438 | Gauntlet | Gained mutation: You are frail. (-10% HP) [a cacodemon]
 11451 | Gauntlet | Noticed a minotaur
 11453 | Gauntlet | Slain by a minotaur

Illustrated notes

Levels and vault maps discovered:
D:1:      minmay_arrival_stone_box, layout_loops_ring
D:2:      layout_rooms, old_standard_altar, trog_hazing_becter
D:3:      layout_basic, nicolae_overflow_hidden_temple, evilmike_ruin_ashenzari,
          kennysheep_generic_room_2, uniq_ijyb
D:4:      layout_basic, elyvilon_altar_3, led_sif_pool,
          minmay_temple_entry_grid, gup_sewer_entry_bowl,
          sigmund_edmund_badplayer
D:5:      layout_loops_ring, chequers_temple_overflow_statue_of_worship,
          nicolae_gozag_seed_capital, yredelemnul_forgotten_temple_becter,
          first_ration, moated_statue
D:6:      layout_loops_corners, nicolae_qazlal_eye_of_the_storm, serial_shops,
          shop, chequers_ossuary_entry_cave
D:7:      gammafunk_cloud_chamber, layout_cave_pools, serial_gnoll_camp,
          gnoll_camp_mini_hut, gnoll_camp_mini_hut, gnoll_camp_mini_hut,
          gnoll_camp_mini_hut, gnoll_camp_huts_basic, gnoll_camp_mini_loothouse,
          grunt_livestock
D:8:      layout_loops_ring, nemelex_xobeh_ov_fountains_minmay
D:9:      layout_loops_ring, david_defended_altar_orc
D:10:     layout_irregular_city, grunt_lair_entry_orc_guard_hut,
          guppyfry_shop_venom
D:11:     layout_basic, zombieorc2_lemuel
Lair:1:   layout_regular_city, uniq_erica
Lair:2:   layout_regular_city, nicolae_spider_entry_tight_spaces,
          lemuel_fruit_fields, infiniplex_staircase_pool
Lair:3:   minmay_guarded_unrand_snakebite, layout_misc_corridors,
          elwin_shoals_entry_rocks, lemuel_fruit_fields, serial_bayou_shore_b
Lair:4:   layout_big_grid, gauntlet_entry_generic, minmay_lair_oklob_bushes,
          grunt_megastairs_1
Shoals:1: layout_shoals, yaktaur_hedge
Gauntlet: minmay_gauntlet_mixed_oops_all_seconds
          [minmay_gauntlet_arena_77_two_paths, gammafunk_gauntlet_arena_spirals,
          minmay_gauntlet_arena_77_terracotta_army,
          nicolae_gauntlet_arena_blocks, minmay_gauntlet_arena_77_hold_the_fort,
          nicolae_gauntlet_arena_x, gauntlet_exit_hidden_loot]

Skill      XL: |  1  2  3  4  5  6  7  8  9 10 11 |
---------------+----------------------------------+-----
Axes           | 3 4 |  4.3
Dodging        | 3 4 5 6 7 8 |  8.2
Throwing       | 2 |  2.0
Armour         | 1 2 3 4 |  4.6
Short Blades   | 1 3 5 6 8 9 11 | 11.2
Stealth        | 1 2 4 6 |  6.1
Fighting       | 3 4 6 7 8 |  8.1
Evocations     | 2 3 |  3.8

Action                   |  1- 3 |  4- 6 |  7- 9 | 10-12 || total
-------------------------+-------+-------+-------+-------++-------
Melee: War axe           |    97 |       |       |       ||    97
       Kick              |    30 |    50 |   158 |   285 ||   523
       Short sword       |    15 |   156 |   521 |   641 ||  1333
Evoke: Wand              |       |       |       |     3 ||     3
  Use: Potion            |       |     4 |    19 |     2 ||    25
       Scroll            |       |     1 |       |    14 ||    15
 Stab: Sleeping          |     1 |       |     4 |    20 ||    25
       Distracted        |       |       |       |     1 ||     1
  Eat: Chunk             |     3 |     2 |     8 |    11 ||    24
       Ration            |       |     1 |     1 |     3 ||     5
Armor: Leather armour    |    44 |    57 |   112 |    25 ||   238
       Skin              |       |       |    45 |       ||    45
       Troll leather arm |       |       |       |    33 ||    33
Dodge: Dodged            |    88 |    98 |   370 |   283 ||   839
